 Dungeon Crawl Stone Soup version 0.21.1-1-g345015f (webtiles) character file.

13948 nabru the Cleaver (level 12, -2/75 HPs)
             Began as a Gargoyle Berserker on May 19, 2018.
             Was a High Priest of Trog.
             Splashed by an acid dragon's acid (14 damage)
             ... on level 12 of the Dungeon on May 20, 2018.
             The game lasted 00:38:00 (8936 turns).

nabru the Cleaver (Gargoyle Berserker)              Turns: 8936, Time: 00:38:00

Health: -2/75      AC: 26    Str: 25    XL:     12   Next: 11%
Magic:  12/12      EV: 12    Int:  9    God:    Trog [*****.]
Gold:   704        SH:  0    Dex:  9    Spells: 11/11 levels left

rFire    + . .     SeeInvis .   E - +2 battleaxe (flame)
rCold    + . .     Gourm    .   (shield currently unavailable)
rNeg     + . .     Faith    .   q - +3 scale mail {rPois}
rPois    ∞         Spirit   .   r - +1 helmet
rElec    +         Reflect  .   s - scarf {rC+ rF+}
rCorr    .         Harm     .   l - +0 pair of gloves
MR       .....                  g - +2 pair of boots
Stlth    +++.......             (no amulet)
HPRegen  0.22/turn              (no ring)
MPRegen  0.13/turn              (no ring)

@: no status effects
A: negative energy resistance 1, electricity resistance, unbreathing,
petrification resistance, rot immunity, AC +8
a: Berserk, Trog's Hand, Brothers in Arms, Burn Spellbooks, Renounce Religion


You were on level 12 of the Dungeon.
You worshipped Trog.
Trog was extremely pleased with you.
You were not hungry.

You visited 1 branch of the dungeon, and saw 12 of its levels.
You also visited: Ossuary.

You collected 704 gold pieces.

Inventory:

Hand Weapons
 a - a +1 hand axe
 x - the cursed +2 flail "Ashryduk" {crush, -Tele rF+ Str+4}
   (You found it on level 9 of the Dungeon)

   It inflicts extra damage upon your enemies.
   It affects your strength (+4).
   It protects you from fire.
   It prevents most forms of teleportation.
   It has a curse placed upon it.
 E - a +2 battleaxe of flaming (weapon)
Armour
 g - a +2 pair of boots (worn)
 l - a +0 pair of gloves (worn)
 q - a +3 scale mail of poison resistance (worn)
 r - a +1 helmet (worn)
 s - a scarf of resistance (worn)
 w - a +0 buckler
 y - +0 acid dragon scales
Jewellery
 d - an uncursed ring of flight
 A - an uncursed ring of fire
 D - an uncursed amulet of guardian spirit
Wands
 b - a wand of scattershot (4)
 o - a wand of paralysis (14)
 t - a wand of digging (9)
 u - a wand of flame (30)
 F - a wand of random effects (26)
 G - a wand of acid (6)
Scrolls
 e - 4 scrolls of fear
 h - 2 scrolls of blinking
 H - 3 scrolls of identify
 I - a scroll of remove curse
Potions
 f - 3 potions of resistance
 i - a potion of berserk rage {unknown}
 j - 4 potions of haste
 k - 2 potions of degeneration {unknown}
 m - 4 potions of brilliance {unknown}
 n - 2 potions of curing {unknown}
 p - 3 potions of agility {unknown}
 v - a potion of flight {unknown}
 z - a potion of mutation {unknown}
 B - a potion of cancellation {unknown}
 C - 2 potions of magic {unknown}
Comestibles
 c - 10 rations


   Skills:
 + Level 8.8 Fighting
 + Level 12.0 Axes
 + Level 7.3 Armour
 + Level 5.2 Dodging
 * Level 10.0 Stealth
 + Level 1.4 Shields
 + Level 0.5 Evocations


You had 11 spell levels left.
You didn't know any spells.

Dungeon Overview and Level Annotations

Branches:
Dungeon (12/15)            Temple (0/1) D:7            Lair (0/6) D:9
    Orc (0/2) D:9

Altars:
Ashenzari
Cheibriados
Dithmenos
Elyvilon
Gozag
Hepliaklqana
Kikubaaqudgha
Qazlal
Zin
The Shining One

Shops:
D:7 :   D:8 *   D:12 =


Innate Abilities, Weirdness & Mutations

You are resistant to torment.
Your stone body is resilient. (AC +8)
You are immune to poison.
You resist negative energy. (rN+)
You are resistant to electric shocks. (rElec)
You can survive without breathing.
You are immune to petrification.
You are immune to rotting.


Message History

Found a smoky amethyst potion.
You slash something! You burn something.
The acid dragon roars!
The hornet buzzes angrily.
Something hits you but does no damage. Something hits you but does no damage.
The acid dragon bites you but does no damage.
The acid dragon barely misses you. Something hits you but does no damage.
The hornet stings you but does no damage.
The hornet stings you.
You slice the crocodile!! You burn the crocodile.
The crocodile is almost dead.
You slash the hornet! You burn the hornet. You barely miss the acid dragon.
Something hits you but does no damage. The hornet barely misses you.
The crocodile bites you! Something hits you. The acid dragon spits acid at you.
The splash of acid hits you!
* * * LOW HITPOINT WARNING * * *
You are splashed with acid!
The acid burns!
You die...

#.......#
#.......#
###.....#
#.....#
#.###.#
#+#.....#
........#
#####..D#
......y@#
.......t#
.#...#..#
........#
+##.....#
#.#..!#
#.....#
......#


You could see a hornet, a crocodile and an acid dragon.

Vanquished Creatures
  Erica (D:9)
  3 two-headed ogres
  The ghost of bnns the Cleaver, a novice DsBe of Trog (D:9)
  An unseen horror (D:11)
  A cyclops (D:11)
  A gargoyle (D:11)
  3 centaur skeletons
  The ghost of quill the Charmwright, a novice BaSk (D:4)
  An efreet (D:10)
  2 trolls
  Grinder (D:4)
  2 hippogriffs (D:7)
  Eustachio (D:4)
  A spriggan (D:9)
  4 wyverns
  A yak (D:9)
  2 hungry ghosts
  2 acid dragons (D:11)
  Duvessa (D:4)
  3 ice beasts
  An orc warrior (D:7)
  A black bear (D:11)
  A phantom (D:6)
  A sky beast (D:6)
  An eye of draining (D:8)
  A necrophage (D:9)
  2 ogres
  4 centaurs
  2 big kobolds
  A crocodile (D:10)
  5 bullfrogs
  2 elf zombies (Ossuary)
  A gnoll sergeant (D:7)
  Dowan (D:4)
  A wyvern skeleton (D:12)
  4 scorpions
  4 killer bees
  2 howler monkeys
  2 electric eels (D:5)
  7 crimson imps
  2 centaur zombies (Ossuary)
  3 hounds
  A jelly (D:8)
  3 orc priests
  4 orc wizards
  2 bullfrog skeletons
  An iguana (D:12)
  Terence (D:3)
  11 worker ants
  4 big kobold zombies (Ossuary)
  2 mummies (Ossuary)
  3 worker ant zombies
  Robin (D:3)
  10 adders
  6 gnolls
  5 shadow imps
  2 oozes
  2 adder zombies (Ossuary)
  3 worms (D:3)
  2 dart slugs
  8 leopard geckos
  22 orcs
  13 bats
  7 giant cockroaches
  13 goblins
  14 hobgoblins
  13 jackals
  A quokka (D:5)
  A ball python (D:3)
  3 frilled lizards
  4 hobgoblin zombies (Ossuary)
  2 jackal zombies (Ossuary)
  14 kobolds
  9 kobold zombies (Ossuary)
  12 orc zombies (Ossuary)
  A quokka zombie (D:8)
  6 rats
288 creatures vanquished.

Vanquished Creatures (collateral kills)
  A two-headed ogre (D:9)
  Joseph (D:10)
  2 komodo dragons (D:9)
  A troll (D:10)
  A hippogriff (D:10)
  2 yaks (D:9)
  An acid dragon (D:9)
  An ogre (D:10)
  A centaur (D:10)
  A bullfrog (D:10)
  4 killer bees (D:10)
  An orc wizard (D:9)
  4 orcs (D:9)
21 creatures vanquished.

Grand Total: 309 creatures vanquished

Notes
Turn   | Place    | Note
-------+----------+-------------------------------------------
     0 | D:1      | nabru the Gargoyle Berserker began the quest for the Orb.
     0 | D:1      | Reached XP level 1. HP: 14/14 MP: 1/1
   152 | D:1      | Reached XP level 2. HP: 19/19 MP: 2/2
   234 | D:1      | Reached skill level 3 in Axes
   393 | D:1      | Reached XP level 3. HP: 22/24 MP: 3/3
   619 | D:1      | Reached ** piety under Trog
  1113 | D:2      | Found a shattered altar of Ashenzari.
  1153 | D:2      | Reached XP level 4. HP: 29/29 MP: 4/4
  1573 | D:3      | Noticed an ogre
  1578 | D:3      | Killed an ogre
  1578 | D:3      | Reached skill level 4 in Axes
  1578 | D:3      | Reached XP level 5. HP: 31/33 MP: 5/5
  1891 | D:3      | Noticed Terence
  1919 | D:3      | Killed Terence
  1930 | D:3      | Reached *** piety under Trog
  2021 | D:3      | Noticed Robin
  2028 | D:3      | Reached XP level 6. HP: 39/39 MP: 6/6
  2035 | D:3      | Killed Robin
  2166 | D:3      | Reached skill level 1 in Stealth
  2483 | D:3      | Found a faded altar of an unknown god.
  2510 | D:4      | Noticed quill's ghost (novice BaSk)
  2529 | D:4      | Noticed Duvessa
  2531 | D:4      | Noticed Dowan
  2541 | D:4      | Killed Dowan
  2541 | D:4      | Killed Duvessa
  2548 | D:4      | Noticed Eustachio
  2585 | D:4      | Reached skill level 5 in Axes
  2590 | D:4      | Killed quill's ghost
  2590 | D:4      | Reached skill level 5 in Fighting
  2590 | D:4      | Reached XP level 7. HP: 35/44 MP: 7/7
  2597 | D:4      | Killed Eustachio
  2597 | D:4      | Reached skill level 6 in Axes
  2597 | D:4      | Reached XP level 8. HP: 49/49 MP: 8/8
  2747 | D:4      | Found a glowing golden altar of the Shining One.
  2755 | D:4      | Noticed a two-headed ogre
  2773 | D:4      | Killed a two-headed ogre
  2773 | D:4      | Reached skill level 7 in Axes
  2961 | D:4      | Found an opulent altar of Gozag.
  2981 | D:4      | Reached XP level 9. HP: 52/55 MP: 9/9
  3019 | D:4      | Found a sand-covered staircase.
  3024 | Ossuary  | Entered an ossuary
  3044 | Ossuary  | Reached **** piety under Trog
  3222 | Ossuary  | Reached skill level 5 in Stealth
  3282 | Ossuary  | Reached ***** piety under Trog
  3509 | D:4      | Noticed Grinder
  3520 | D:4      | Paralysed by Grinder for 5 turns
  3538 | D:4      | Paralysed by Grinder for 6 turns
  3549 | D:4      | Paralysed by Grinder for 6 turns
  3562 | D:4      | Killed Grinder
  3562 | D:4      | Reached skill level 8 in Axes
  3831 | D:5      | Entered Level 5 of the Dungeon
  3896 | D:5      | Found a transporter.
  3904 | D:5      | Found a transporter.
  4952 | D:6      | Found a snail-covered altar of Cheibriados.
  5325 | D:6      | Reached skill level 5 in Armour
  5671 | D:7      | Found a staircase to the Ecumenical Temple.
  5704 | D:7      | Reached XP level 10. HP: 61/61 MP: 10/10
  5752 | D:7      | Reached skill level 9 in Axes
  5752 | D:7      | Reached skill level 1 in Shields
  5858 | D:7      | You fall through a shaft for 2 floors!
  5858 | D:9      | Found a staircase to the Orcish Mines.
  5879 | D:7      | Found Ziyngif's Book Shop.
  6026 | D:7      | Found a glowing silver altar of Zin.
  6549 | D:8      | Found a hazy altar of Hepliaklqana.
  6549 | D:8      | Found a shadowy altar of Dithmenos.
  6580 | D:8      | Found a stormy altar of Qazlal.
  6628 | D:8      | Found Zeufioqu's General Store.
  6905 | D:9      | Received a gift from Trog
  6960 | D:9      | Found a staircase to the Lair.
  7178 | D:9      | Reached skill level 10 in Axes
  7216 | D:9      | Noticed bnns's ghost (novice DsBe)
  7222 | D:9      | Noticed Erica
  7222 | D:9      | Noticed a two-headed ogre
  7231 | D:9      | Killed a two-headed ogre
  7231 | D:9      | Reached XP level 11. HP: 68/68 MP: 11/11
  7238 | D:9      | Killed Erica
  7244 | D:9      | Killed bnns's ghost
  7339 | D:9      | Noticed a two-headed ogre
  7344 | D:9      | HP: 3/68 [two-headed ogre/giant spiked club (4)]
  7376 | D:9      | Killed a two-headed ogre
  7376 | D:9      | Reached skill level 11 in Axes
  7426 | D:9      | Got a fine flail
  7427 | D:9      | Identified the cursed +2 flail "Ashryduk" {crush, -Tele rF+ Str+4} (You found it on level 9 of the Dungeon)
  7745 | D:9      | Found a white marble altar of Elyvilon.
  7746 | D:9      | Found an ancient bone altar of Kikubaaqudgha.
  7783 | D:10     | Entered Level 10 of the Dungeon
  7855 | D:10     | Noticed a two-headed ogre
  7864 | D:10     | Killed a two-headed ogre
  7948 | D:10     | Noticed Joseph
  7954 | D:10     | Killed Joseph
  7954 | D:10     | Reached skill level 5 in Dodging
  8085 | D:11     | Noticed a cyclops
  8096 | D:11     | Killed a cyclops
  8473 | D:11     | Killed an unseen horror
  8473 | D:11     | Reached XP level 12. HP: 32/75 MP: 12/12
  8541 | D:11     | Reached skill level 10 in Stealth
  8793 | D:12     | Reached skill level 12 in Axes
  8795 | D:12     | Found Qiem's Jewellery Boutique.
  8936 | D:12     | Splashed by an acid dragon's acid

Skill      XL: |  1  2  3  4  5  6  7  8  9 10 11 12 |
---------------+-------------------------------------+-----
Axes           | 3 4 5 6 7 8 10 11 12 | 12.0
Fighting       | 4 5 6 7 8 |  8.8
Dodging        | 2 3 4 5 |  5.2
Armour         | 3 4 5 6 7 |  7.3
Stealth        | 2 3 4 6 8 9 10 | 10.0
Shields        | 1 |  1.4
Evocations     | |  0.5

Action                   |  1- 3 |  4- 6 |  7- 9 | 10-12 || total
-------------------------+-------+-------+-------+-------++-------
Melee: Hand axe          |   151 |   177 |   536 |   119 ||   983
       Battleaxe         |       |       |       |   286 ||   286
Invok: Berserk           |     1 |     4 |     7 |     6 ||    18
       Burn Spellbooks   |       |       |     1 |     1 ||     2
       Brothers in Arms  |       |       |       |     6 ||     6
       Trog's Hand       |       |       |       |     4 ||     4
Evoke: Wand              |       |       |       |     5 ||     5
  Use: Scroll            |     5 |     4 |     5 |    15 ||    29
       Potion            |       |     4 |       |     3 ||     7
 Stab: Sleeping          |       |       |     2 |     1 ||     3
       Distracted        |       |       |       |     1 ||     1
  Eat: Ration            |     1 |     2 |     5 |     7 ||    15
       Chunk             |       |     2 |     1 |       ||     3
Armor: Animal skin       |    35 |       |       |       ||    35
       Ring mail         |    76 |    63 |       |       ||   139
       Scale mail        |       |    71 |   277 |   407 ||   755
Dodge: Dodged            |   149 |   127 |   239 |   283 ||   798
Block: Buckler           |       |       |    15 |    18 ||    33
